 Dungeon Crawl Stone Soup version 0.27-a0-797-g27d10ad80f (webtiles) character file.

Game seed: 14369269788877746358

4 polve the Skirmisher (level 1, 0/18 HPs)
             Began as a Demonspawn Abyssal Knight on Mar 27, 2021.
             Was an Initiate of Lugonu.
             Slain by a ball python (1 damage)
             ... on level 1 of the Dungeon.
             The game lasted 00:00:13 (110 turns).

polve the Skirmisher (Demonspawn Abyssal Knight)     Turns: 110, Time: 00:00:13

Health: 0/18       AC:  3    Str: 12    XL:     1   Next: 50%
Magic:  2/2        EV: 11    Int: 13    God:    Lugonu [......]
Gold:   37         SH:  0    Dex: 12    Spells: 0/0 levels left

rFire    . . .     SeeInvis .   a - +1 falchion
rCold    . . .     Faith    .   (no shield)
rNeg     . . .     Spirit   .   b - +0 leather armour
rPois    .         Reflect  .   (no helmet)
rElec    .         Harm     .   (no cloak)
rCorr    .         Rampage  .   (no gloves)
Will     .....                  (no boots)
Stlth    +.........             (no amulet)
HPRegen  0.06/turn              (no ring)
MPRegen  0.08/turn              (no ring)

@: no status effects
A: no striking features
a: Renounce Religion


You were on level 1 of the Dungeon.
You worshipped Lugonu.
Lugonu was noncommittal.
You visited 1 branch of the dungeon, and saw 1 of its levels.
You visited the Abyss 1 time.

You collected 37 gold pieces.

Inventory:

Hand Weapons
 a - a +1 falchion (weapon)
Armour
 b - a +0 leather armour (worn)
Scrolls
 c - a scroll of identify {unknown}


   Skills:
 - Level 3.0 Fighting
 + Level 2.1 Long Blades
 - Level 1.7 Armour
 - Level 0.8 Dodging
 - Level 2.4 Invocations


You couldn't memorise any spells.
You didn't know any spells.
Your spell library was empty.

Dungeon Overview and Level Annotations

Branches:
Dungeon (1/15)

Altars:


Message History

You hit the ball python.
The ball python is heavily wounded.
The ball python bites you. The ball python barely misses you.
The hobgoblin hits you but does no damage.
The ball python bites you. The ball python barely misses you.
You hit the ball python.
You kill the ball python!
Lugonu accepts your kill. The hobgoblin barely misses you.
Your Long Blades skill increases to level 2!
You hit the hobgoblin.
The hobgoblin is heavily wounded.
A hobgoblin comes into view.
The hobgoblin closely misses you. The goblin hits you with a +0 dagger.
You are too injured to fight recklessly!
You are too injured to fight recklessly!
You are too injured to fight recklessly!
You are too injured to fight recklessly!
You are too injured to fight recklessly!
You are too injured to fight recklessly!
There are monsters nearby!
You hit the hobgoblin.
You kill the hobgoblin!
Lugonu accepts your kill. The goblin hits you with a +0 dagger.
The goblin hits you with a +0 dagger.
Found an inky potion.
A goblin comes into view. It is wielding a +0 dagger.
The goblin shouts!
The goblin hits you with a +0 dagger.
The ball python hisses angrily.
You closely miss the goblin. The goblin hits you but does no damage.
You hit the goblin.
The goblin is moderately wounded.
The goblin hits you with a +0 dagger.
* * * LOW HITPOINT WARNING * * *
The goblin hits you with a +0 dagger.
* * * LOW HITPOINT WARNING * * *
The ball python bites you.
You die...

###..#..... ........... #.
###. .#...#..... #.#
#####....# .....#..... ..
#.......... .#.#.# .... ##.#
##.......... ...#.# ###. ...
...........
####.##########.####..........
# .............g.g.g..........
# .............S@##...........
##............................
...S........!.....#...........
.......##########.#...........
.......# #.#.######+###
.......# .#.. .......# .###
.......# .# .......#


You could see a hobgoblin, 2 goblins and a ball python.

Vanquished Creatures
  A ball python (D:1)
  A hobgoblin (D:1)
  A quokka (D:1)
3 creatures vanquished.

Notes
Turn   | Place    | Note
-------+----------+-------------------------------------------
     0 | Abyss:1  | polve the Demonspawn Abyssal Knight began the quest for the
                  | Orb.
     0 | Abyss:1  | Reached XP level 1. HP: 18/18 MP: 2/2
    45 | Abyss:1  | Noticed an ancient zyme
    46 | D:1      | Escaped the Abyss
   110 | D:1      | Slain by a ball python

Illustrated notes

Levels and vault maps discovered:
D:1:      nicolae_arrival_memento_mori, layout_basic

Skill      XL: |  1 |
---------------+----+-----
Long Blades    | 2 |  2.1
Fighting       | |  3.0
Armour         | |  1.7
Dodging        | |  0.8
Invocations    | |  2.4

Action                   || total
-------------------------++-------
Melee: Falchion          ||     8
Invok: Depart the Abyss  ||     1
  Use: Potion            ||     2
Armor: Leather armour    ||     2
Dodge: Dodged            ||     7
       Rpst.: Falchion   ||     1

Table legend: (Time is in decaauts)
 A = Elapsed time spent in this place.
 B = Non-inter-level travel time spent in this place.
 C = Inter-level travel time spent in this place.
 D = Time resting spent in this place.
 E = Time spent auto-exploring this place.
 F = Levels seen in this place.
 G = Mean time per level.
                   A        B        C        D        E       F      G
               +--------+--------+--------+--------+--------+-----+--------+
         Total |    111 |    111 |      0 |      0 |     83 |   2 |   55.5 |
       Dungeon |     65 |     65 |      0 |      0 |     39 |   1 |   65.0 |
         Abyss |     46 |     46 |      0 |      0 |     44 |   1 |   46.0 |
               +--------+--------+--------+--------+--------+-----+--------+

Top non-repeatable levels by time:
     D:1: 65 daAuts
 Abyss:1: 46 daAuts
